 Dungeon Crawl Stone Soup version 0.17-a0-1533-g2f57bce (webtiles) character file.

95 TheHolyPigeon the Insei (level 4, -1/32 HPs)
             Began as a Demonspawn Transmuter on July 16, 2015.
             Slain by an adder (3 damage)
             ... on level 3 of the Dungeon.
             The game lasted 00:10:40 (3300 turns).

TheHolyPigeon the Insei (Demonspawn Transmuter)     Turns: 3300, Time: 00:10:42

Health: -1/32      AC:  5    Str: 10    XL:     4   Next: 40%
Magic:  7/7        EV: 12    Int: 14    God:
Gold:   207        SH:  0    Dex: 15    Spells: 2 memorised, 4 levels left

rFire  + . .     SeeInvis .       - Unarmed
rCold  + . .     Clarity  .     k - +2 leather armour {rF+}
rNeg   . . .     SustAt   .     (no shield)
rPois  .         Gourm    .     (helmet restricted)
rElec  .         Spirit   .     (no cloak)
rCorr  .         Warding  .     (no gloves)
rMut   .         Stasis   .     (boots currently unavailable)
MR     .....                    (no amulet)
Stlth  +.........               (no ring)
                                (no ring)

@: lethally poisoned (-1 -> -6), appendage, not resistant to hostile
enchantments, very unstealthy
A: antennae 1, talons 3, cold resistance 1, powered by pain 1
a: End Transformation


You were on level 3 of the Dungeon.
You were not hungry.
You had grown temporary talons.
You visited 1 branch of the dungeon, and saw 3 of its levels.

You collected 207 gold pieces.

Inventory:

Missiles
 a - 8 arrows
 m - 7 arrows of frost
Armour
 b - a +1 robe
 k - a +2 leather armour of fire resistance (worn)
Jewellery
 p - a cursed ring of teleportation {unknown}
Scrolls
 e - 2 scrolls of remove curse
 h - a scroll of enchant weapon {unknown}
 j - 4 scrolls of identify
 o - 2 scrolls of amnesia
Books
 c - a book of Changes

   Spells                             Type                      Level
   a - Beastly Appendage              Transmutation                1
   b - Sticks to Snakes               Transmutation                2
   c - Spider Form                    Transmutation/Poison         3
   d - Ice Form                       Ice/Transmutation            4
   e - Blade Hands                    Transmutation                5
 d - a book of Death

   Spells                             Type                      Level
   a - Corpse Rot                     Necromancy                   2
   b - Sublimation of Blood           Necromancy                   2
   c - Agony                          Necromancy                   5
   d - Dispel Undead                  Necromancy                   5
   e - Excruciating Wounds            Charms/Necromancy            5
   f - Bolt of Draining               Conjuration/Necromancy       5
Comestibles
 f - a beef jerky
 g - 4 meat rations
 i - a slice of pizza
 r - a bread ration


   Skills:
 - Level 1.0 Fighting
 - Level 2.1 Dodging
 + Level 3.7 Unarmed Combat
 - Level 2.1 Spellcasting
 + Level 3.1 Transmutations


You had 4 spell levels left.
You knew the following spells:

 Your Spells              Type           Power        Failure   Level  Hunger
a - Beastly Appendage     Trmt           ##....       12%         1    ##.....
b - Sticks to Snakes      Trmt           ##........   14%         2    ###....


Dungeon Overview and Level Annotations

Branches:
Dungeon (3/15)

Altars:


Innate Abilities, Weirdness & Mutations

You have a pair of small antennae on your head.
Your flesh is cold resistant.
You sometimes gain a little power by taking damage.
You have claws for feet.


Message History

a club; a leather armour; an orc corpse You closely miss the adder.
The adder misses you. The adder bites you.
* * * LOW HITPOINT WARNING * * *
You are more poisoned.
The adder poisons you!
You hit the adder.
The adder is lightly wounded.
* * * LOW HITPOINT WARNING * * *
You feel sick. The adder closely misses you.
You barely miss the adder.
The adder is lightly wounded.
The adder bites you.
* * * LOW HITPOINT WARNING * * *
You barely miss the adder.
The adder is lightly wounded.
* * * LOW HITPOINT WARNING * * *
You feel sick. The adder bites you.
* * * LOW HITPOINT WARNING * * *
The adder bites you.
You die...

[...........
.............
............/
............
............#
............###
..............##
#..##....@)...#.#. .#
....#.?..S†.....#. .
#####...(.<......##
....$..(.......!## ##
...##.............. ..
....# ##.(..(..######
####....###..(.......
................######
.............##......


You could see an adder.

Vanquished Creatures
  3 adders (D:2)
  An ooze (D:2)
  3 orcs (D:3)
  A ball python (D:2)
  4 bats (D:2)
  12 goblins
  8 hobgoblins
  9 jackals
  3 kobolds
  A quokka (D:2)
  2 giant geckos
  A giant newt (D:1)
  7 rats
55 creatures vanquished.

Vanquished Creatures (collateral kills)
  3 orcs (D:3)
  A bat (D:1)
4 creatures vanquished.

Grand Total: 59 creatures vanquished

Notes
Turn   | Place    | Note
--------------------------------------------------------------
     0 | D:1      | TheHolyPigeon the Demonspawn Transmuter began the quest for the Orb.
     0 | D:1      | Reached XP level 1. HP: 15/15 MP: 3/3
   782 | D:1      | Gained mutation: Your flesh is cold resistant. [demonic ancestry]
   782 | D:1      | Reached XP level 2. HP: 12/21 MP: 5/5
  1036 | D:1      | Learned a level 2 spell: Sticks to Snakes
  1508 | D:2      | Reached skill level 3 in Unarmed Combat
  1508 | D:2      | Gained mutation: You have a pair of small antennae on your head. [demonic ancestry]
  1508 | D:2      | Reached XP level 3. HP: 26/26 MP: 4/6
  2580 | D:2      | Gained mutation: You sometimes gain a little power by taking damage. [demonic ancestry]
  2580 | D:2      | Reached XP level 4. HP: 32/32 MP: 7/7
  3300 | D:3      | Slain by an adder

Vault maps used:
D:1:      lightli_arrival_noodles, minmay_box_of_dots
D:2:      first_bread, minmay_misc_feat_four_crosses, kennysheep_flooded_box
D:3:      serial_co_window_serial, co_window_corner_a, co_window_paths_a,
          co_window_corner_a, co_window_corner_a, co_window_corner_a,
          co_window_unsneaky_path_a, co_window_of_opportunity_b,
          co_window_paths_c, co_window_corner_b, co_window_paths_c,
          co_window_of_opportunity_c, glass_columns_b, uniq_robin

Action                   |  1- 3 |  4- 6 || total
-------------------------+-------+-------++-------
Melee: Unarmed           |   133 |    84 ||   217
 Cast: Beastly Appendage |    12 |     4 ||    16
       Sticks to Snakes  |     1 |     3 ||     4
  Use: Scroll            |     5 |     1 ||     6
       Potion            |     1 |     3 ||     4
  Eat: Bread ration      |     1 |       ||     1
       Fruit             |     5 |       ||     5
